 Dungeon Crawl Stone Soup version 0.31.0-1-g2c135a008e (webtiles) character file.

Game seed: 14065412655603154165

1656 qw the Skirmisher (level 9, -2/65 HPs)
             Began as a Djinni Hunter on Jan 23, 2024.
             Was a Follower of Okawaru.
             Slain by a wight
             ... wielding a +3 mace
              (4 damage)
             ... on level 7 of the Dungeon.
             The game lasted 00:00:25 (5874 turns).

qw the Skirmisher (Djinni Hunter)                   Turns: 5874, Time: 00:00:25

Health: -2/65      AC:  7    Str:  6 (8)  XL:     9   Next: 20%
Gold:   350        EV: 11    Int: 17 (18) God:    Okawaru [*.....] SH:  0 Dex: 20

rFire   + + .        a - +1 shortbow (heavy)
rCold   x . .        (shield currently unavailable)
rNeg    . . .        l - +0 ring mail
rPois   inf          (helmet restricted)
rElec   .            m - +0 cloak
rCorr   +            p - +0 pair of gloves
SInv    .            (boots unavailable)
Will    .....        j - amulet of the acrobat
Stlth   +            f - +4 ring of slaying {mikee}
HPRegen 0.30/turn    s - ring of resist corrosion
MPRegen 0.00/turn

%: acrobat, infuse magic (-3 HP)
@: about to teleport, flying
A: sickness immunity, fire resistance 2, cold vulnerability 1, float, innate
caster, HP casting, extra vitality 1, horns 1, clever 2
a: Renounce Religion, Heroism


You were on level 7 of the Dungeon.
You worshipped Okawaru.
Okawaru was aware of your devotion.
You visited 2 branches of the dungeon, and saw 8 of its levels.

You collected 350 gold pieces.


Innate Abilities, Weirdness & Mutations

You are immune to sickness and miasma.
You are immune to poison.
Your flesh is very heat resistant. (rF++)
You are vulnerable to cold. (rC-)
You float through the air rather than walking.
You learn spells naturally, not from books.
Your magical power is your life essence.
You have superior vitality. (+4 MHP)
You have a pair of small horns on your head.
Your mind is very acute. (Int +8, Str/Dex -2)


   Skills:
 - Level 5.4 Fighting
 - Level 8.0 Ranged Weapons
 - Level 2.1 Armour
 + Level 3.6 Dodging
 - Level 0.7 Stealth
 + Level 2.6 Invocations


You knew the following spells:

 Your Spells              Type           Power      Damage    Failure   Level
a - Summon Small Mammal   Summ           0%         N/A       65%         1
b - Mercury Vapours       Alch/Air       0%         N/A       80%         2
c - Fugue of the Fallen   Necr           0%         N/A       95%         3
d - Animate Armour        Summ/Erth      0%         N/A       100%        4
Your spell library was empty.

Inventory:

Hand Weapons
 a - a +1 heavy shortbow (weapon)
Armour
 l - a +0 ring mail (worn)
 m - a +0 cloak (worn)
 p - a +0 pair of gloves (worn)
Jewellery
 f - a +4 ring of slaying (left hand) {mikee}
 j - an amulet of the acrobat (around neck)
 s - a ring of resist corrosion (right hand)
 Y - a ring of positive energy
Scrolls
 d - 2 scrolls of brand weapon
Potions
 b - a potion of cancellation
 e - 2 potions of curing
 h - 2 potions of enlightenment
 k - a potion of ambrosia {unknown}
 n - a potion of might {unknown}

Dungeon Overview and Level Annotations

Branches:
Dungeon (7/15)             Temple (1/1) D:4

Altars:
Ashenzari
Cheibriados
Dithmenos
Elyvilon
Fedhas
Gozag
Hepliaklqana
Makhleb
Okawaru
Qazlal
Ru
Trog
Uskayaw
Wu Jian
Xom
Yredelemnul
The Shining One

Portals:
Bailey: D:7

Annotations:
D:4 1 runed translucent door, Crazy Yiuf


Message History

A wight comes into view. It is wielding a +0 falchion.
You shoot an arrow. The arrow hits the wight.
The wight is lightly damaged.
You shoot an arrow. The arrow closely misses the wight.
The wight hits you from afar with a +3 spear of freezing.
The wight freezes you.
You shoot an arrow. The arrow hits the wight!
The wight is heavily damaged.
The wight hits you from afar with a +3 spear of freezing.
The wight freezes you.
The wight hits you from afar with a +3 spear of freezing.
The wight freezes you.
You shoot an arrow.
The arrow hits the wight but does no damage.
The wight is heavily damaged.
The wight hits you from afar with a +3 spear of freezing!
The wight freezes you.
Enter note:
Enter note:
5870 ||| RETREEEEATING.
Enter note:
Enter note:
5871 ||| RETREEEEATING.
The wight completely misses you. The wight hits you with a +0 falchion.
Enter note:
5872 ||| RETREEEEATING.
The wight attacks as it pursues you! The wight hits you with a +0 falchion.
The wight hits you from afar with a +3 spear of freezing.
The wight freezes you.
Enter note: You shoot an arrow.
The arrow hits the wight!
The wight is severely damaged.
The wight hits you with a +3 mace! The wight hits you but does no damage.
The wight closely misses you. The wight hits you with a +3 mace!
5874 ||| READING scroll of teleportation.
As you read the scroll of teleportation, it crumbles to dust.
You feel strangely unstable.
The wight hits you from afar with a +3 spear of freezing!
The wight freezes you. The wight hits you with a +3 mace.
You die...

.. #########
#.####### #.......#
........####.#####.##
.#..........#.# #..##
..?.####..#.#.# #...#
....#..#....%.# ##.##
#### .._.#.(#z##.###
#.# ...#
....#.(#@##.# #.#
...# ....####z./.#
#.# ...####
#......z...# #.#
......# ######...:.#
#.# ......# ........#
#%# ......##.
#.##.....# #####.#
......... # #.....#
#.....# ....#.#.
####### #.###.# ....#
### #.#.<.#


You could see 3 wights and 2 dancing weapons.

Vanquished Creatures
  Eustachio (D:4)
  An ice beast (D:7)
  2 sky beasts
  An ogre (D:6)
  A scorpion (D:4)
  3 bullfrogs
  A howler monkey (D:4)
  2 bombardier beetles
  An orc priest (D:3)
  2 hounds (D:5)
  A sleepcap (D:6)
  3 jellies
  6 iguanas
  A gnoll bouda (D:7)
  4 orc wizards
  Robin (D:4)
  9 gnolls
  8 adders
  2 white imps (D:7)
  2 ufetubi (D:5)
  4 ribbon worms
  12 orcs
  5 bats
  8 endoplasms
  2 giant cockroaches
  12 goblins
  10 hobgoblins
  7 jackals
  2 quokkas
  7 ball pythons
  6 frilled lizards
  8 kobolds
  7 rats (D:1)
142 creatures vanquished.

Notes
Turn   | Place    | Note
-------+----------+-------------------------------------------
     0 | D:1      | qw the Djinni Hunter began the quest for the Orb.
     0 | D:1      | Reached XP level 1. HP: 18/18 MP: 0/0
     0 | D:1      | 0 ||| qw: Version: 0.3-a-135-gb77e89d
     0 | D:1      | 0 ||| qw: Game counter: 933
     0 | D:1      | 0 ||| qw: Melee chars always use a shield: true
     0 | D:1      | 0 ||| qw: God list: Okawaru
     0 | D:1      | 0 ||| qw: Allow faded altars: false
     0 | D:1      | 0 ||| qw: Do Orc after clearing Dungeon:15 true
     0 | D:1      | 0 ||| qw: Do second Lair branch before Depths: true
     0 | D:1      | 0 ||| qw: Lair rune preference: random
     0 | D:1      | 0 ||| qw: Goals: Normal
     0 | D:1      | 0 ||| PLANNING D:1-11
    34 | D:1      | Reached XP level 2. HP: 22/23 MP: 0/0
   355 | D:1      | Reached skill level 4 in Ranged Weapons
   355 | D:1      | Reached XP level 3. HP: 28/28 MP: 0/0
   355 | D:1      | Learned a level 1 spell: Summon Small Mammal
   951 | D:1      | 951 ||| UPGRADING to +0 ring mail.
   961 | D:1      | 961 ||| DROPPING +0 leather armour.
   962 | D:1      | 962 ||| UPGRADING to amulet of the acrobat.
   967 | D:1      | 967 ||| READING 2 scrolls labelled BEGAPN OSTRING.
   967 | D:1      | 967 ||| IDENTIFYING fizzy emerald potion
   968 | D:1      | 968 ||| READING scroll of identify.
   968 | D:1      | 968 ||| IDENTIFYING lumpy white potion
   969 | D:1      | 969 ||| READING scroll labelled BACWAOZAIT.
  1070 | D:1      | 1070 ||| READING scroll labelled BUXI SAKKAPHUY.
  1071 | D:1      | 1071 ||| READING scroll labelled ZOESENK NIJEI.
  1074 | D:1      | 1074 ||| DRINKING 2 emerald potions.
  1075 | D:1      | 1075 ||| DRINKING 2 inky potions.
  1076 | D:1      | 1076 ||| DROPPING scroll of butterflies.
  1077 | D:1      | 1077 ||| DROPPING potion of brilliance.
  1078 | D:1      | 1078 ||| DROPPING potion of attraction.
  1323 | D:2      | Reached skill level 1 in Armour
  1323 | D:2      | Reached XP level 4. HP: 32/34 MP: 0/0
  1736 | D:2      | 1736 ||| READING scroll labelled GEREEFE KUYSK.
  1737 | D:2      | 1737 ||| READING scroll labelled QUNAJA SUYLEQ.
  1738 | D:2      | 1738 ||| DRINKING 3 black potions.
  1837 | D:3      | Found a faded altar of an unknown god.
  1844 | D:3      | Reached skill level 3 in Fighting
  1848 | D:3      | Reached XP level 5. HP: 40/40 MP: 0/0
  1848 | D:3      | Learned a level 2 spell: Mercury Vapours
  1853 | D:3      | 1853 ||| FLEEEEING.
  1854 | D:3      | 1854 ||| FLEEEEING.
  1855 | D:3      | 1855 ||| FLEEEEING.
  1856 | D:3      | 1856 ||| FLEEEEING.
  1857 | D:3      | 1857 ||| FLEEEEING.
  1858 | D:3      | 1858 ||| FLEEEEING.
  1954 | D:3      | 1954 ||| Invisibility monster not found???
  2355 | D:3      | 2355 ||| UPGRADING to +4 ring of slaying {mikee}.
  2356 | D:3      | 2356 ||| READING scroll labelled CEISIB UNIQEM.
  2357 | D:3      | 2357 ||| READING scroll labelled BOALLAOLENKI.
  2357 | D:3      | 2357 ||| BRANDING +0 shortbow.
  2386 | D:4      | 2386 ||| PLANNING OSSUARY
  2519 | D:4      | Reached skill level 5 in Ranged Weapons
  2519 | D:4      | Reached XP level 6. HP: 40/46 MP: 0/0
  2561 | D:4      | Reached skill level 3 in Dodging
  2603 | D:4      | Noticed Eustachio
  2610 | D:4      | Killed Eustachio
  2611 | D:4      | Reached XP level 7. HP: 53/53 MP: 0/0
  2611 | D:4      | Learned a level 3 spell: Fugue of the Fallen
  2640 | D:4      | Noticed Robin
  2648 | D:4      | HP: 13/53 [goblin/+0 dagger[Robin] (5)]
  2649 | D:4      | 2649 ||| DRINKING 2 potions of heal wounds.
  2653 | D:4      | 2653 ||| DRINKING potion of heal wounds.
  2654 | D:4      | Killed Robin
  2920 | D:4      | Found a staircase to the Ecumenical Temple.
  3049 | D:4      | 3049 ||| RIP OSSUARY
  3121 | D:4      | 3121 ||| PLANNING TEMPLE
  3121 | D:4      | 3121 ||| UPGRADING to +0 helmet.
  3126 | D:4      | 3126 ||| READING scroll of identify.
  3126 | D:4      | 3126 ||| IDENTIFYING fuming orange potion
  3127 | D:4      | 3127 ||| READING scroll labelled LICISA ILIMUHE.
  3127 | D:4      | 3127 ||| ENCHANTING +0 helmet.
  3128 | D:4      | 3128 ||| READING scroll labelled COFAONUETI.
  3229 | D:4      | 3229 ||| DRINKING 3 blue potions.
  3229 | D:4      | Gained mutation: Your spells are a little harder to cast,
                  | but a little more powerful. [potion of mutation]
  3230 | D:4      | 3230 ||| DRINKING 2 potions of mutation.
  3230 | D:4      | Lost mutation: Your spells are a little harder to cast, but
                  | a little more powerful. [potion of mutation]
  3230 | D:4      | Gained mutation: You are weak. (Str -2) [potion of
                  | mutation]
  3230 | D:4      | Gained mutation: You have a pair of small horns on your
                  | head. [potion of mutation]
  3231 | D:4      | 3231 ||| DROPPING +1 helmet.
  3232 | D:4      | 3232 ||| DRINKING potion of mutation.
  3232 | D:4      | Lost mutation: You are weak. (Str -2) [potion of mutation]
  3232 | D:4      | Lost mutation: You have a pair of small horns on your head.
                  | [potion of mutation]
  3232 | D:4      | Gained mutation: Your mind is acute. (Int +4, Str/Dex -1)
                  | [potion of mutation]
  3232 | D:4      | Gained mutation: Your mind is very acute. (Int +8, Str/Dex
                  | -2) [potion of mutation]
  3232 | D:4      | Gained mutation: You have a pair of small horns on your
                  | head. [potion of mutation]
  3260 | Temple   | Entered the Ecumenical Temple
  3261 | Temple   | 3261 ||| PLANNING D:1-11
  3496 | D:4      | Found a runed translucent door.
  3497 | D:4      | Noticed Crazy Yiuf
  3669 | D:5      | Entered Level 5 of the Dungeon
  3675 | D:5      | 3675 ||| STAIRDANCE
  3859 | D:5      | Identified the +5 dagger of Uptump {flame, rF+ Dex+5}
  3897 | D:5      | Reached skill level 6 in Ranged Weapons
  4103 | D:5      | Found an iron altar of Okawaru.
  4104 | D:5      | 4104 ||| PLANNING OKAWARU WORSHIP
  4104 | D:5      | 4104 ||| UPGRADING to +0 cloak.
  4109 | D:5      | 4109 ||| UPGRADING to +0 pair of gloves.
  4114 | D:5      | 4114 ||| UPGRADING to ring of positive energy.
  4120 | D:5      | Became a worshipper of Warmaster Okawaru
  4121 | D:5      | 4121 ||| PLANNING D:1-11
  4396 | D:6      | Reached XP level 8. HP: 58/58 MP: 0/0
  4749 | D:6      | Reached skill level 7 in Ranged Weapons
  5432 | D:6      | 5432 ||| UPGRADING to ring of resist corrosion.
  5434 | D:6      | 5434 ||| READING scroll labelled SYERHOFUZO.
  5434 | D:6      | 5434 ||| ENCHANTING +0 heavy shortbow.
  5435 | D:6      | 5435 ||| DRINKING 2 grey potions.
  5436 | D:6      | 5436 ||| DROPPING potion of degeneration.
  5469 | D:7      | Found a blossoming altar of Fedhas.
  5562 | D:7      | HP: 9/60 [ice beast (12)]
  5563 | D:7      | 5563 ||| READING 2 scrolls of teleportation.
  5564 | D:7      | 5564 ||| DRINKING potion of heal wounds.
  5657 | D:7      | Reached * piety under Okawaru
  5668 | D:7      | Reached XP level 9. HP: 38/65 MP: 0/0
  5668 | D:7      | Learned a level 4 spell: Animate Armour
  5685 | D:7      | Reached skill level 1 in Invocations
  5749 | D:7      | Found a flagged portal.
  5827 | D:7      | Noticed a +0 hand axe
  5829 | D:7      | Noticed a +0 dagger
  5833 | D:7      | Reached skill level 8 in Ranged Weapons
  5863 | D:7      | 5863 ||| DROPPING wand of flame (62).
  5864 | D:7      | Found a hide-covered altar of Uskayaw.
  5870 | D:7      | 5870 ||| RETREEEEATING.
  5871 | D:7      | 5871 ||| RETREEEEATING.
  5872 | D:7      | 5872 ||| RETREEEEATING.
  5873 | D:7      | HP: 12/65 [wight/+3 mace (9)]
  5874 | D:7      | 5874 ||| READING scroll of teleportation.
  5874 | D:7      | HP: 3/65 [wight/+3 spear of freezing (9)]
  5874 | D:7      | Slain by a wight

Levels and vault maps discovered:
D:1:      dpeg_arrival_renting, layout_loops_ring, serial_rivers,
          chequers_serial_rivers_marsh, chequers_serial_rivers_large_a,
          chequers_serial_rivers_room_a, chequers_serial_rivers_marsh
D:2:      layout_loops_cross
D:3:      layout_basic, chequers_ecumenical_altar_island
D:4:      layout_cave_pods, minmay_temple_entry_waves, serial_forest,
          infiniplex_forest_pool, infiniplex_forest_straight_5,
          infiniplex_forest_zigzag_2, infiniplex_forest_end_2,
          infiniplex_forest_lined_3, infiniplex_forest_clump_diagonal,
          infiniplex_forest_zigzag_1, infiniplex_forest_clump_small,
          infiniplex_forest_lined_room_3, enter_ossuary_1,
          kennysheep_cross_room, uniq_crazy_yiuf_cottage, uniq_eustachio,
          uniq_robin
D:5:      layout_rooms, mainiacjoe_overflow_alcove_1
D:6:      layout_basic, minivault_4
D:7:      layout_loops_cross, nicolae_overflow_crystal_walls,
          dancing_weapons_uskayaw, enter_bailey_2, serial_bayou_pond_b
Temple:   compressed_dpeg_triangle_lava_temple

Skill      XL: |  1  2  3  4  5  6  7  8  9 |
---------------+----------------------------+-----
Ranged Weapons | 4 5 6 7 8 |  8.0
Armour         | 1 2 |  2.1
Fighting       | 3 4 5 |  5.4
Dodging        | 3 |  3.6
Invocations    | 2 |  2.6
Stealth        | |  0.7

Action                     |  1- 3 |  4- 6 |  7- 9 || total
---------------------------+-------+-------+-------++-------
   Fire: Shortbow          |   107 |   183 |   206 ||   496
    Use: Scroll            |     5 |     4 |     6 ||    15
         Potion            |     2 |     1 |     7 ||    10
 Armour: Leather armour    |     8 |       |       ||     8
         Ring mail         |     2 |    19 |   184 ||   205
  Dodge: Dodged            |    26 |    13 |   146 ||   185

Table legend:
 A = Non-vault XP
 B = Vault XP
 C = Vault XP percentage of total XP
 D = Non-vault monster count
 E = Vault monster count
 F = Vault count percentage of total count
                 A         B        C        D         E       F
            +---------+---------+-------+---------+---------+-------
      Total |    1983 |     384 |  16.2 |     126 |      16 |  11.3
            +---------+---------+-------+---------+---------+-------
        D:1 |      47 |       0 |   0.0 |      33 |       0 |   0.0
        D:2 |      47 |       0 |   0.0 |      17 |       0 |   0.0
        D:3 |     112 |       0 |   0.0 |      13 |       0 |   0.0
        D:4 |     260 |     241 |  48.1 |      17 |      14 |  45.2
        D:5 |     301 |       0 |   0.0 |      15 |       0 |   0.0
        D:6 |     599 |       0 |   0.0 |      15 |       0 |   0.0
        D:7 |     617 |     143 |  18.8 |      16 |       2 |  11.1
            +---------+---------+-------+---------+---------+-------
